 Dungeon Crawl Stone Soup version 0.30-a0-122-g2a1322497e (webtiles) character file.

Game seed: 631784412658495173

108 Dreamer the Covert (level 4, -4/42 HPs)
             Began as a Naga Delver on Sept 15, 2022.
             Slain by Terence
             ... wielding a +0 mace
              (5 damage)
             ... on level 2 of the Dungeon.
             The game lasted 00:07:24 (3207 turns).

Dreamer the Covert (Naga Delver)                    Turns: 3207, Time: 00:07:24

Health: -4/42      AC:  4    Str: 14    XL:     4   Next: 87%
Magic:  4/4        EV:  9    Int: 11    God:
Gold:   119        SH:  0    Dex: 14    Spells: 3/3 levels left

rFire   . . .      SeeInvis +    a - +0 short sword
rCold   . . .      Faith    .    (no shield)
rNeg    . . .      Spirit   .    b - +0 leather armour
rPois   +          Reflect  .    o - +0 helmet
rElec   .          Harm     .    (no cloak)
rCorr   .          Rampage  .    s - +0 pair of gloves
Will    .....                    (no barding)
Stlth   ++++......               (no amulet)
HPRegen 0.14/turn                (no ring)
MPRegen 0.09/turn                (no ring)

@: very slow
A: AC +1, large, see invisible, deformed body, poison resistance, slowness 2,
spit poison 1, naga tail 1
a: Spit Poison


You were on level 2 of the Dungeon.
You visited 1 branch of the dungeon, and saw 5 of its levels.

You collected 119 gold pieces.

Inventory:

Hand Weapons
 a - a +0 short sword (weapon)
Armour
 b - a +0 leather armour (worn)
 o - a +0 helmet (worn)
 s - a +0 pair of gloves (worn)
Wands
 g - a wand of digging (3)
Scrolls
 c - a scroll of fog
 d - 2 scrolls of magic mapping
 e - a scroll of fear
 h - 4 scrolls of identify {unknown}
 i - a scroll of amnesia {unknown}
 k - 2 scrolls of teleportation {unknown}
 n - 2 scrolls of enchant armour {unknown}
 t - a scroll of enchant weapon {unknown}
Potions
 f - a potion of haste
 j - a potion of lignification {unknown}
 l - a potion of degeneration {unknown}
 m - a potion of berserk rage {unknown}
 p - 2 potions of curing {unknown}
 q - a potion of heal wounds {unknown}
 r - a potion of brilliance {unknown}


   Skills:
 - Level 3.0 Fighting
 + Level 3.7 Short Blades
 - Level 1.5 Dodging
 + Level 8.8 Stealth


You had 3 spell levels left.
You didn't know any spells.
Your spell library contained the following spells:

 Spells                   Type           Power      Damage    Failure   Level
 Cigotuvi's Dreadful Rot  Necr/Pois/Air  0%         N/A       56%         2
 Poisonous Vapours        Pois/Air       0%         N/A       56%         2


Dungeon Overview and Level Annotations

Branches:
Dungeon (5/15)
 Temple: D:4-7

Altars:
Nemelex Xobeh
Ru

Shops:
D:1 (

Annotations:
D:2 Terence


Innate Abilities, Weirdness & Mutations

Your serpentine skin is tough. (AC +1)
You have supernaturally acute eyesight. (SInv)
Armour fits poorly on your strangely shaped body.
Your system is resistant to poisons. (rPois)
You cover ground very slowly.
You can spit poison.
You have a snake-like lower body.


Message History

Terence closely misses you.
You hit Terence.
Terence is heavily wounded.
Terence hits you with a +0 mace.
You hit Terence but do no damage.
Terence is heavily wounded.
You hit Terence.
Terence is heavily wounded.
Terence completely misses you.
You barely miss Terence.
Terence is heavily wounded.
Terence closely misses you.
You hit Terence but do no damage.
Terence is heavily wounded.
Terence barely misses you.
You hit Terence.
Terence is severely wounded.
You have got your breath back.
Terence barely misses you.
You hit Terence.
Terence is almost dead.
You hit Terence.
Terence is almost dead.
Terence hits you with a +0 mace.
* * * LOW HITPOINT WARNING * * *
You hit Terence but do no damage.
Terence is almost dead.
Terence barely misses you.
You hit Terence but do no damage.
Terence is almost dead.
Terence hits you with a +0 mace.
* * * LOW HITPOINT WARNING * * *
You closely miss Terence.
Terence is almost dead.
Terence hits you with a +0 mace.
* * * LOW HITPOINT WARNING * * *
You hit Terence but do no damage.
Terence is almost dead.
Terence hits you with a +0 mace.
You die...

#....†# #.#
#.....# #.##
#.....# #..#
.### #######
##.# .....####
#.# ...r....#
#.#
#(##########.#
#@#..........#
#@#.##########
#.#.# #.#.#
#...# #####


You could see Terence.

Vanquished Creatures
  A jelly (D:5)
  3 adders
  A worm (D:3)
  A dart slug (D:2)
  5 orcs (D:3)
  3 ball pythons
  6 bats
  An endoplasm (D:1)
  3 giant cockroaches (D:1)
  A hobgoblin (D:1)
  2 jackals (D:2)
  2 kobolds
  3 quokkas
  2 frilled lizards
  4 goblins
  5 rats
43 creatures vanquished.

Notes
Turn   | Place    | Note
-------+----------+-------------------------------------------
     0 | D:5      | Dreamer the Naga Delver began the quest for the Orb.
     0 | D:5      | Reached XP level 1. HP: 21/21 MP: 1/1
    14 | D:5      | Noticed a hound
    49 | D:4      | Noticed a gnoll bouda
    76 | D:5      | Noticed a jelly
   100 | D:5      | Killed a jelly
   101 | D:5      | Reached skill level 8 in Stealth
   101 | D:5      | Reached XP level 2. HP: 14/28 MP: 2/2
   101 | D:5      | Reached XP level 3. HP: 17/34 MP: 3/3
   293 | D:5      | Noticed a water moccasin
   337 | D:4      | Noticed an ogre
   652 | D:3      | Found a sacrificial altar of Ru.
   781 | D:3      | Reached XP level 4. HP: 19/42 MP: 4/4
  1048 | D:3      | Found a sparkling altar of Nemelex Xobeh.
  1322 | D:1      | Found a faded altar of an unknown god.
  1612 | D:1      | Found Alail's Weapon Shoppe.
  3178 | D:2      | Noticed Terence
  3206 | D:2      | HP: 1/42 [Terence/+0 mace (6)]
  3207 | D:2      | Slain by Terence

Illustrated notes

Levels and vault maps discovered:
D:1:      roderic_crop_circles_arrival_small, layout_basic, serial_shops,
          nicolae_shop_hallway_plus, shapermc_ecumenical_altar_acropolis,
          dreamdust_princess_corridor
D:2:      layout_loops_cross, wad_orctagon, uniq_terence
D:3:      layout_loops_ring, mainiacjoe_overflow_alcove_2,
          nzn_wu_jian_council_hall, nemelex_spade_bored_becter
D:4:      layout_basic, uniq_blork_the_orc
D:5:      layout_cave_pools, serial_column_ruins, column_ruins_grid_3,
          column_ruins_grid_3, column_ruins_columns_corner,
          column_ruins_open_tiny

Skill      XL: |  1  2  3 |
---------------+----------+-----
Stealth        | 8 |  8.8
Short Blades   | 3 |  3.7
Fighting       | |  3.0
Dodging        | |  1.5

Action                   |  1- 3 |  4- 6 || total
-------------------------+-------+-------++-------
Melee: Short sword       |    48 |   146 ||   194
       Punch             |       |     1 ||     1
 Abil: Spit Poison       |     6 |    13 ||    19
  Use: Potion            |       |     1 ||     1
 Stab: Sleeping          |       |     7 ||     7
Armor: Leather armour    |     6 |    40 ||    46
Dodge: Dodged            |    16 |    59 ||    75

Table legend: (Time is in decaauts)
 A = Elapsed time spent in this place.
 B = Non-inter-level travel time spent in this place.
 C = Inter-level travel time spent in this place.
 D = Time resting spent in this place.
 E = Time spent auto-exploring this place.
 F = Levels seen in this place.
 G = Mean time per level.
                   A        B        C        D        E       F      G
               +--------+--------+--------+--------+--------+-----+--------+
         Total |   3809 |   3784 |     25 |   1123 |   1861 |   5 |  761.8 |
       Dungeon |   3809 |   3784 |     25 |   1123 |   1861 |   5 |  761.8 |
               +--------+--------+--------+--------+--------+-----+--------+

Top non-repeatable levels by time:
     D:1: 1274 daAuts
     D:2: 965 daAuts
     D:3: 866 daAuts
     D:5: 388 daAuts
     D:4: 314 daAuts
